 Dungeon Crawl Stone Soup version 0.23.1 (webtiles) character file.

Game seed: 0

494 night the Insei (level 6, 0/43 HPs)
             Began as a Demonspawn Transmuter on Mar 1, 2019.
             Slain by a killer bee (7 damage)
             ... on level 4 of the Dungeon.
             The game lasted 00:08:34 (3856 turns).

night the Insei (Demonspawn Transmuter)             Turns: 3856, Time: 00:08:36

Health: 0/43       AC: 11    Str: 12      XL:     6   Next: 92%
Magic:  9/9        EV: 10    Int: 12 (14) God:
Gold:   182        SH:  0    Dex: 13 (14) Spells: 8/9 levels left

rFire    . . .     SeeInvis .     - Unarmed
rCold    . . .     Gourm    .   (no shield)
rNeg     . . .     Faith    .   p - +0 ring mail
rPois    .         Spirit   .   (no helmet)
rElec    .         Reflect  .   (no cloak)
rCorr    .         Harm     .   (no gloves)
MR       .....                  (no boots)
Stlth    ..........             (no amulet)
HPRegen  0.14/turn              (no ring)
MPRegen  0.11/turn              (no ring)

@: lethally poisoned (0 -> -15), sanguine armour
A: hooves 1, spiny 1, sanguine armour 1
a: no special abilities


You were on level 4 of the Dungeon.
You were not hungry.

You visited 1 branch of the dungeon, and saw 4 of its levels.
You also visited: Ossuary.

You collected 182 gold pieces.

Inventory:

Missiles
 a - 28 arrows
 c - 74 stones (quivered)
 j - 3 tomahawks
Armour
 b - a +0 robe
 p - a +0 ring mail (worn)
Jewellery
 m - an uncursed ring of ice
Wands
 o - a wand of scattershot (5)
Scrolls
 f - a scroll of fog
 g - 4 scrolls of enchant weapon
 h - a scroll of enchant armour {unknown}
 k - 5 scrolls of teleportation
 s - a scroll of amnesia
Potions
 e - a potion of cancellation
 i - 3 potions of heal wounds
 l - 2 potions of curing
Comestibles
 d - 6 rations


   Skills:
 - Level 1.0 Fighting
 - Level 1.7 Dodging
 + Level 7.2 Unarmed Combat
 - Level 2.0 Spellcasting
 - Level 1.7 Transmutations


You had 8 spell levels left.
You knew the following spells:

 Your Spells              Type           Power        Failure   Level  Hunger
a - Beastly Appendage     Tmut           #.....       30%         1    ##.....

Your spell library contained the following spells:

 Spells                   Type           Power        Failure   Level  Hunger
 Sticks to Snakes         Tmut           #.......     41%         2    ###....
 Spider Form              Tmut/Pois      #.........   78%         3    ####...
 Ice Form                 Ice/Tmut       #.......     99%         4    #####..
 Blade Hands              Tmut           #.........   100%        5    ######.


Dungeon Overview and Level Annotations

Branches:
Dungeon (4/15)
 Temple: D:4-7

Altars:
The Shining One


Innate Abilities, Weirdness & Mutations

You have large cloven feet.
You are partially covered in sharp spines.
When seriously injured, your bleeding wounds create armour. (AC +6)


Message History

You hit the killer bee.
You kill the killer bee!
You feel your strength returning.
* * * LOW HITPOINT WARNING * * *
You feel sick.
The killer bee is struck by your spines.
The killer bee stings you but does no damage.
You closely miss the killer bee.
The killer bee is lightly wounded.
* * * LOW HITPOINT WARNING * * *
You feel sick.
The killer bee stings you but does no damage.
You closely miss the killer bee.
The killer bee is lightly wounded.
* * * LOW HITPOINT WARNING * * *
You feel sick.
The killer bee is struck by your spines.
The killer bee stings you but does no damage.
The killer bee stings you!
You die...

.##...## ##..#..#ยง#
.##.#..###..##..#.#
....#...#.......#.#
###.#...#.....#.#.#####
# #.#.#.........#......
# ###.##.#.##.#.....#
########.#.##.#.###.##..
.....# #...##.#.###o....
####.#####.##.#.@yyJ.?..
#.#...#.##..########.
#.#<#.#.##..
#.###.#.#...
#.....#.###.# #######..
.. .#


You could see 2 killer bees, an ooze and an orc.

Vanquished Creatures
  Purgy (D:3)
  An elf zombie (Ossuary)
  2 killer bees (D:4)
  A hound (D:4)
  Jessica (D:2)
  5 mummies
  4 adders
  An ooze (D:1)
  An adder zombie (Ossuary)
  2 worms
  2 dart slugs
  2 leopard geckos (D:1)
  5 orcs (D:3)
  3 giant cockroaches
  A gnoll zombie (Ossuary)
  5 goblins
  8 hobgoblins
  A quokka (D:2)
  8 bats
  5 frilled lizards
  2 goblin zombies (Ossuary)
  2 hobgoblin zombies (Ossuary)
  6 kobolds
  3 kobold zombies (Ossuary)
  An orc zombie (Ossuary)
  8 rats
  A rat zombie (Ossuary)
82 creatures vanquished.

Notes
Turn   | Place    | Note
-------+----------+-------------------------------------------
     0 | D:1      | night the Demonspawn Transmuter began the quest for the
                  | Orb.
     0 | D:1      | Reached XP level 1. HP: 15/15 MP: 3/3
   460 | D:1      | Reached skill level 3 in Unarmed Combat
   519 | D:1      | Gained mutation: You are partially covered in sharp spines.
                  | [demonic ancestry]
   519 | D:1      | Reached XP level 2. HP: 21/21 MP: 5/5
  1065 | D:1      | Reached XP level 3. HP: 16/26 MP: 6/6
  1394 | D:2      | Reached skill level 4 in Unarmed Combat
  1426 | D:2      | HP: 1/26 [poisoned by an adder]
  2202 | D:2      | Noticed Jessica
  2215 | D:2      | Killed Jessica
  2215 | D:2      | Reached XP level 4. HP: 11/32 MP: 7/7
  2733 | D:3      | Noticed Purgy
  2749 | D:3      | Killed Purgy
  2749 | D:3      | Reached skill level 5 in Unarmed Combat
  2749 | D:3      | Gained mutation: When seriously injured, your bleeding
                  | wounds create armour. (AC +6) [demonic ancestry]
  2749 | D:3      | Reached XP level 5. HP: 9/37 MP: 8/8
  3216 | D:4      | Found a sand-covered staircase.
  3220 | D:4      | Reached skill level 6 in Unarmed Combat
  3224 | Ossuary  | Entered an ossuary
  3311 | Ossuary  | Gained mutation: You have large cloven feet. [demonic
                  | ancestry]
  3311 | Ossuary  | Reached XP level 6. HP: 36/43 MP: 9/9
  3746 | D:4      | Found a glowing golden altar of the Shining One.
  3849 | D:4      | Reached skill level 7 in Unarmed Combat
  3856 | D:4      | Slain by a killer bee

Skill      XL: |  1  2  3  4  5  6 |
---------------+-------------------+-----
Unarmed Combat | 3 4 5 6 7 |  7.2
Fighting       | |  1.0
Dodging        | |  1.7
Spellcasting   | |  2.0
Transmutations | |  1.7

Action                   |  1- 3 |  4- 6 || total
-------------------------+-------+-------++-------
Melee: Unarmed           |   108 |   146 ||   254
       Punch             |     3 |     3 ||     6
       Kick              |       |     8 ||     8
Evoke: Wand              |       |     2 ||     2
  Use: Potion            |     1 |     4 ||     5
       Scroll            |       |     8 ||     8
 Stab: Sleeping          |     2 |       ||     2
  Eat: Chunk             |     4 |     3 ||     7
       Ration            |       |     1 ||     1
Armor: Robe              |     8 |       ||     8
       Ring mail         |     7 |    43 ||    50
       Skin              |       |     8 ||     8
Dodge: Dodged            |    51 |    63 ||   114
